[Event "Chinese League Division-A 2024"]
[Site "Fuling Chongqing"]
[Date "2024.06.28"]
[Round "3.23"]
[White "Chen, Zhi"]
[Black "Lin, Chen"]
[Result "1/2-1/2"]
[ECO "D87"]
[WhiteElo "2164"]
[BlackElo "2484"]
[Annotator "RC"]
[PlyCount "62"]
[EventDate "2024.06.28"]
[EventType "team-tourn"]
[EventCountry "CHN"]
[SourceTitle "playchess.com"]
[Source "ChessBase"]
[SourceQuality "1"]
[TimeControl "40/5400+30:1800+30"]

1. d4 Nf6 2. c4 g6 3. Nc3 d5 4. cxd5 Nxd5 5. e4 Nxc3 6. bxc3 Bg7 7. Bc4 c5 8. Ne2 Nc6 9. Be3 O-O 10. O-O b6 11. Bb5 Na5 12. Qd2 Bb7 13. Ng3 e6 14. Rfd1 cxd4 15. cxd4 Rc8 16. Rac1 Rxc1 17. Rxc1 Qd6 18. Rd1 a6 19. Be2 Rd8 20. d5 exd5 21. exd5 Qxd5 22. Qxd5 Rxd5 23. Rxd5 Bxd5 24. Bxa6 Nc4 25. Bxc4 Bxc4 26. a4 Bb3 27. Bxb6 Bxa4 28. Ne2 Bc6 29. Bd4 Bb5 30. Bxg7 Bxe2 31. Bd4 Bc4 1/2-1/2

[Event "Chinese League Division-A 2024"]
[Site "Fuling Chongqing"]
[Date "2024.06.28"]
[Round "3.24"]
[White "Guo, Qi"]
[Black "Zhu, Jiner"]
[Result "1/2-1/2"]
[ECO "E92"]
[WhiteElo "2362"]
[BlackElo "2476"]
[Annotator "TA"]
[PlyCount "84"]
[EventDate "2024.06.28"]
[EventType "team-tourn"]
[EventCountry "CHN"]
[SourceTitle "playchess.com"]
[Source "ChessBase"]
[SourceQuality "1"]
[TimeControl "40/5400+30:1800+30"]

1. d4 Nf6 2. c4 g6 3. Nc3 Bg7 4. e4 d6 5. Nf3 O-O 6. Be2 e5 7. dxe5 dxe5 8. Qxd8 Rxd8 9. Bg5 Re8 10. Nd5 Nxd5 11. cxd5 c6 12. Bc4 b5 13. Bb3 Bb7 14. Rc1 Rc8 15. Be3 Na6 {[%emt 0:10:30] [#]} (15... a5 $11 {remains equal.}) 16. dxc6 $1 $16 (16. d6 $6 c5 $11) 16... Bxc6 17. Ke2 {[%emt 0:07:18] White is better.} h6 18. Rhd1 {[%emt 0:01:13] Threatens to win with Rd6. White has more active pieces.} Bxe4 19. Rxc8+ $1 Rxc8 20. Rd7 Rc7 $1 21. Bxf7+ Kf8 22. Be6 (22. Rxc7 {simplifies} Nxc7 23. Bb3 a6 24. Bc5+) 22... Ke8 23. Rxc7 Nxc7 24. Bb3 a5 25. Bb6 a4 $1 26. Bxa4 ({Much less strong is} 26. Bxc7 axb3 27. axb3 Kd7 $14) 26... bxa4 27. Bxc7 $11 {[%emt 0:00:04][%mdl 4096] Endgame. KBB-KBN} Bd5 28. Ke3 e4 29. Ne5 ({Wrong is} 29. Be5 $2 exf3 30. Bxg7 fxg2 $19) 29... Bxa2 30. Kxe4 Bxe5 31. Bxe5 $14 {[%emt 0:00:07] KB-KB} Kf7 32. g4 Be6 33. f3 h5 34. h3 hxg4 35. fxg4 Bb3 36. Kf4 Bd1 37. Kg5 Be2 38. h4 Bd1 39. h5 gxh5 40. gxh5 Be2 41. Bd4 Bd1 42. Be5 Be2 $1 {[%emt 0:00:47] Weighted Error Value: White=0.05 (flawless) /Black=0.04 (flawless) .  Mistake:       	---       	Black=1      Inaccurate:     	White=1     	Black=1      OK:         	White=14    	Black=8      Best:        	White=1     	Black=4      Strong:       	White=2     	Black=3} 1/2-1/2

[Event "Chinese League Division-A 2024"]
[Site "Fuling Chongqing"]
[Date "2024.06.28"]
[Round "3.25"]
[White "Bai, Xue"]
[Black "Gao, Muziyan"]
[Result "1/2-1/2"]
[ECO "B32"]
[WhiteElo "2114"]
[BlackElo "1943"]
[Annotator "RC"]
[PlyCount "81"]
[EventDate "2024.06.28"]
[EventType "team-tourn"]
[EventCountry "CHN"]
[SourceTitle "playchess.com"]
[Source "ChessBase"]
[SourceQuality "1"]
[TimeControl "40/5400+30:1800+30"]

1. e4 c5 2. Nf3 Nc6 3. d4 cxd4 4. Nxd4 e5 5. Nb5 d6 6. N1c3 a6 7. Na3 Be7 8. Nd5 Nf6 9. Nxf6+ Bxf6 10. Nc4 O-O 11. Be3 Nd4 12. c3 b5 13. cxd4 exd4 14. Bxd4 bxc4 15. Bxc4 Qa5+ 16. Kf1 Be6 17. b3 Bxc4+ 18. bxc4 Bxd4 19. Qxd4 Rfc8 20. Ke2 Rc6 21. f3 Rac8 22. Rhc1 Qh5 23. h3 Qg6 24. Kf2 Qe6 25. Rab1 h5 26. Rb4 a5 27. Rb5 Rxc4 28. Rxc4 Rxc4 29. Qd2 a4 30. Rb6 Qe5 31. Rxd6 Qc5+ 32. Kg3 Rc2 33. Qd5 Qf2+ 34. Kf4 Rc5 35. Qa8+ Kh7 36. Rd5 Qh4+ 37. Ke3 Qe1+ 38. Kf4 Qh4+ 39. Ke3 Qe1+ 40. Kf4 Qh4+ 41. Ke3 1/2-1/2

[Event "Chinese League Division-A 2024"]
[Site "Fuling Chongqing"]
[Date "2024.06.28"]
[Round "3.26"]
[White "Bu, Xiangzhi"]
[Black "Bai, Jinshi"]
[Result "1-0"]
[ECO "D32"]
[WhiteElo "2689"]
[BlackElo "2564"]
[Annotator "TA"]
[PlyCount "51"]
[EventDate "2024.06.28"]
[EventType "team-tourn"]
[EventCountry "CHN"]
[SourceTitle "playchess.com"]
[Source "ChessBase"]
[SourceQuality "1"]
[TimeControl "40/5400+30:1800+30"]

1. d4 d5 2. c4 e6 3. Nc3 c5 4. cxd5 exd5 5. Nf3 Nf6 6. Bg5 Be6 7. g3 Nc6 8. Bg2 h6 9. Bxf6 Qxf6 {[%emt 0:00:07] White is slightly better.} 10. O-O O-O-O 11. Rc1 Kb8 12. e3 g5 13. Qa4 g4 14. Nd2 cxd4 15. Nb5 {[%emt 0:00:27][%cal Oc1c6] Strongly threatening Rxc6!} a6 $1 {[%emt 0:00:21] [#]} 16. Rxc6 $1 axb5 17. Qxb5 {[%emt 0:00:09] Nb3 would now be deadly.} Qe7 (17... dxe3 $14 18. Nb3 (18. fxe3 Qe7 $14) 18... Bd7 19. Qxb7+ Kxb7 20. Rxf6 exf2+ 21. R6xf2 Be6) 18. Nb3 $16 {[%emt 0:05:01] Hoping for Nc5. White is much more active.} (18. exd4 Bd7 19. Rfc1 Bxc6 20. Rxc6 Rg8 $14 (20... Qb4 21. Rb6 $11)) 18... dxe3 {[%emt 0:05:19] [#]} (18... Qb4 $16 {might work better.} 19. Qxb4 (19. Nxd4 $2 Qxb5 20. Nxb5 bxc6 $19) 19... Bxb4) 19. Nc5 $1 $18 {[%emt 0:01:09] Threatens to win with Na6+.} (19. fxe3 $6 Qb4 20. Rb6 Qxb5 21. Rxb5 Rd7 $14) 19... Rc8 (19... exf2+ 20. Rxf2 Rc8 21. Bxd5 Rxc6 22. Bxc6 $18) 20. Na6+ (20. Rd6 $2 exf2+ (20... Qxd6 21. Qxb7#) (20... Rxc5 $2 21. Qxc5 exf2+ 22. Rxf2 $19) 21. Rxf2 Rxc5 (21... Qxd6 22. Qxb7#) 22. Qxc5 Qxd6 $19) 20... Ka8 21. Rxc8+ $2 (21. Rb6 $18 {[%cal Ob5a5] Black must now prevent Qa5!} exf2+ 22. Kh1) 21... Bxc8 $14 22. Rc1 $40 {[%emt 0:00:24][%mdl 128] Black needs to defend precisely.} exf2+ 23. Kf1 {[%emt 0:01:56] Some like it hot} Bd7 $2 {[%emt 0:00:09][%mdl 8192] [#]} (23... Qe3 $14 24. Rxc8+ Ka7) 24. Qa5 $1 $18 {[%emt 0:01:36] Intending Nc7+ and mate. White is clearly winning.} ({Weaker is} 24. Qxd5 Bc6 25. Qc4 Bxg2+ 26. Kxg2 Qe5 $11 (26... bxa6 27. Qxa6+ Qa7 28. Rc8#)) 24... Bc6 25. Bxd5 Qe3 26. Nb4+ {[%emt 0:00:05] Weighted Error Value: White=0.13 (very precise) /Black=0.38.  Loses game:     	---       	Black=1      Missed win:     	White=1     	---        Mistake:       	---       	Black=2      Inaccurate:     	White=1     	Black=3      OK:         	White=8     	Black=5      Best:        	White=1     	Black=2      Strong:       	White=2     	Black=1      Brilliant:      	White=1     	---} (26. Nc5+ $142 Kb8 27. Na6+ Ka8 28. Nb4+ Qa7 29. Qd8+ Qb8 30. Nxc6 Qxd8 31. Nxd8) 1-0

[Event "Chinese League Division-A 2024"]
[Site "Fuling Chongqing"]
[Date "2024.06.28"]
[Round "3.27"]
[White "Kong, Xiangrui"]
[Black "Zeng, Chongsheng"]
[Result "1/2-1/2"]
[ECO "B33"]
[WhiteElo "2439"]
[BlackElo "2578"]
[Annotator "TA"]
[PlyCount "60"]
[EventDate "2024.06.28"]
[EventType "team-tourn"]
[EventCountry "CHN"]
[SourceTitle "playchess.com"]
[Source "ChessBase"]
[SourceQuality "1"]
[TimeControl "40/5400+30:1800+30"]

1. e4 c5 2. Nf3 Nc6 3. d4 cxd4 4. Nxd4 Nf6 5. Nc3 e5 6. Ndb5 d6 7. Bg5 a6 8. Na3 b5 9. Bxf6 gxf6 10. Nd5 f5 11. g3 Bg7 12. exf5 Bxf5 13. Bg2 Rc8 14. c3 O-O 15. O-O Ne7 16. Nc2 {[%emt 0:05:27][%cal Ba3c2,Bc2b4,Bb4d5][%mdl 32] White is slightly better.} Be6 17. Ncb4 Nxd5 18. Nxd5 f5 19. a4 e4 20. axb5 axb5 21. f3 exf3 22. Qxf3 Kh8 23. Kh1 Rc5 24. Rad1 Be5 25. Qe3 Qe8 26. Qh6 Bg7 27. Qf4 Be5 28. Qh6 Bg7 29. Qf4 {[%emt 0:01:16] White is much more active.} Be5 $1 {[%emt 0:00:06] This pair of bishops is nice.} 30. Qh6 Bg7 {[%emt 0:00:06] Weighted Error Value: White=0.20 (precise) /Black=0.07 (flawless) .  Inaccurate:     	White=3     	---        OK:         	White=2     	Black=7      Strong:       	---       	Black=1} 1/2-1/2

[Event "Chinese League Division-A 2024"]
[Site "Fuling Chongqing"]
[Date "2024.06.28"]
[Round "3.28"]
[White "Liu, Yan"]
[Black "Ma, Qun"]
[Result "1/2-1/2"]
[ECO "D19"]
[WhiteElo "2573"]
[BlackElo "2643"]
[Annotator "TA"]
[PlyCount "61"]
[EventDate "2024.06.28"]
[EventType "team-tourn"]
[EventCountry "CHN"]
[SourceTitle "playchess.com"]
[Source "ChessBase"]
[SourceQuality "1"]
[TimeControl "40/5400+30:1800+30"]

1. d4 d5 2. c4 c6 3. Nf3 Nf6 4. Nc3 dxc4 5. a4 Bf5 6. e3 e6 7. Bxc4 Bb4 8. O-O O-O 9. Qe2 Bg6 10. Ne5 Nbd7 11. Nxg6 hxg6 12. Rd1 Qe7 13. e4 e5 14. d5 Nb6 15. dxc6 {[%emt 0:06:31] White is slightly better.} Nxc4 16. Qxc4 bxc6 17. Qxc6 Rfc8 $1 18. Qb5 Bxc3 19. bxc3 Nxe4 20. Re1 {[%emt 0:00:11] The position is equal.} Nxc3 21. Qxe5 Qxe5 22. Rxe5 Nxa4 23. Be3 Nb6 24. Rea5 {[%emt 0:00:11][%cal Oe3b6] [#] Bxb6! is the strong threat.} Nc4 25. Rxa7 Rxa7 26. Rxa7 Nxe3 27. fxe3 $11 {[%emt 0:00:05] KR-KR} f6 28. Kf2 Kh7 29. Kf3 g5 30. h3 Kg6 31. Rb7 {[%emt 0:00:05] Weighted Error Value: White=0.05 (flawless) /Black=0.03 (flawless) .  Inaccurate:     	White=1     	---        OK:         	White=9     	Black=6      Best:        	---       	Black=2      Strong:       	---       	Black=1} 1/2-1/2

[Event "Chinese League Division-A 2024"]
[Site "Fuling Chongqing"]
[Date "2024.06.28"]
[Round "3.29"]
[White "Zhai, Mo"]
[Black "Lei, Tingjie"]
[Result "0-1"]
[ECO "D27"]
[WhiteElo "2348"]
[BlackElo "2548"]
[Annotator "TA"]
[PlyCount "74"]
[EventDate "2024.06.28"]
[EventType "team-tourn"]
[EventCountry "CHN"]
[SourceTitle "playchess.com"]
[Source "ChessBase"]
[SourceQuality "1"]
[TimeControl "40/5400+30:1800+30"]

1. d4 d5 2. c4 e6 3. Nf3 Nf6 4. Nc3 dxc4 5. e3 a6 6. Bxc4 b5 7. Bd3 Bb7 8. O-O c5 9. dxc5 Bxc5 10. Qe2 Nbd7 11. a3 Rc8 12. e4 Qc7 {[%emt 0:17:38] The position is equal.} 13. g3 O-O 14. Bf4 e5 15. Bd2 Rfd8 16. Rac1 Qb8 17. Bb1 h6 18. b4 Bf8 19. Be3 {[%emt 0:11:32] Wards off Nb6} Bc6 20. Nd2 a5 21. Bd3 (21. Na2 $1 $11 {keeps the balance.}) 21... axb4 $17 22. axb4 Bxb4 23. Nxb5 Bxd2 (23... Nc5 $1 $17 24. Bxc5 Rxd3) 24. Bxd2 $11 {[%emt 0:00:13] [#]} Bxe4 $1 25. Bxe4 (25. Rxc8 Rxc8) 25... Nxe4 26. Ba5 (26. Qxe4 Qxb5 27. Be3 Rxc1 28. Rxc1 Nf8 $15) (26. Bxh6 $11 Rxc1 (26... gxh6 27. Rxc8 Rxc8 28. Qg4+ Ng5 29. Qxd7 $11) 27. Bxc1) 26... Rf8 $1 $15 27. Nc7 Nec5 28. Nd5 Rfe8 {[%emt 0:00:42] Dodges Ne7+} 29. Bb4 Re6 30. Rc4 Qa8 31. Rd1 {[%emt 0:00:16] Qc2 is the strong threat.} Kh8 {[%emt 0:00:31] [#]} (31... e4 $14) 32. Qc2 $2 (32. Bxc5 $1 $18 {[%cal Od5e7] Strongly threatening Ne7!} Nxc5 33. Qc2) 32... Rd6 $1 $36 {[%emt 0:00:17][%mdl 2048] Black is more active.} 33. Ne7 (33. Ne3 $1 $11 Rxd1+ 34. Nxd1) 33... Rxd1+ $15 34. Qxd1 Rc7 ({Black should try} 34... Rd8 $1 $15 35. Nc6 Qxc6 36. Rxc5 Qe4 (36... Nxc5 37. Qxd8+ Kh7 38. Bxc5 $11)) 35. Nd5 (35. h4 $11) 35... Ra7 $1 {[%emt 0:00:13] aiming for ...Ra1.} 36. Qf3 $2 (36. Rxc5 $2 {perishes.} Nxc5 (36... Ra1 37. Rc8+ Kh7 38. Kg2 $17) 37. Nb6 (37. Bxc5 $2 {is the wrong capture.} Ra1 $19) 37... Ra1 38. Nxa8 Rxd1+ $19) (36. Rc1 $15) 36... Ne6 $19 {[%emt 0:00:47] Hoping for ...Nb6. Excellent horsemanship.} 37. h4 Nb6 {[%emt 0:00:27] Weighted Error Value: White=0.57/Black=0.21 (precise) .  Loses game:     	White=1     	---        Missed win:     	White=1     	---        Mistake:       	White=4     	Black=3      Inaccurate:     	White=2     	Black=4      OK:         	White=7     	Black=8      Best:        	---       	Black=2      Strong:       	---       	Black=3} 0-1

[Event "Chinese League Division-A 2024"]
[Site "Fuling Chongqing"]
[Date "2024.06.28"]
[Round "3.30"]
[White "Wang, Chuqiao"]
[Black "Yan, Tianqi"]
[Result "1-0"]
[ECO "E15"]
[WhiteElo "2278"]
[BlackElo "2306"]
[Annotator "RC"]
[PlyCount "91"]
[EventDate "2024.06.28"]
[EventType "team-tourn"]
[EventCountry "CHN"]
[SourceTitle "playchess.com"]
[Source "ChessBase"]
[SourceQuality "1"]
[TimeControl "40/5400+30:1800+30"]

1. d4 Nf6 2. c4 e6 3. Nf3 b6 4. g3 Ba6 5. b3 Bb4+ 6. Bd2 Be7 7. Bg2 c6 8. O-O d5 9. Qc2 Nbd7 10. Bf4 O-O 11. Nbd2 Nh5 12. Be3 Rc8 13. Qb2 Nhf6 14. Rac1 Ng4 15. Bf4 g5 16. Be3 f5 17. Nb1 Nxe3 18. fxe3 g4 19. Ne1 Bg5 20. Rc3 Qe7 21. Na3 b5 22. cxb5 Bxb5 23. Nxb5 cxb5 24. Rxc8 Bxe3+ 25. Kh1 Rxc8 26. Nd3 Qg7 27. Qa3 Nb8 28. Qd6 Re8 29. Nc5 Qxd4 30. Nxe6 Qb6 31. Qxb6 axb6 32. Bxd5 Rc8 33. Nd4+ Kh8 34. Nxf5 Bc5 35. Nh6 Re8 36. e4 Na6 37. Rf4 Kg7 38. Nf5+ Kg6 39. Nd4 Re7 40. Nc6 Rc7 41. Rxg4+ Kh5 42. Ne5 Re7 43. Rh4+ Kg5 44. Nf3+ Kg6 45. Rg4+ Kh5 46. Rg8 1-0

[Event "Chinese League Division-A 2024"]
[Site "Fuling Chongqing"]
[Date "2024.06.29"]
[Round "4.1"]
[White "Li, Chao b"]
[Black "Bai, Jinshi"]
[Result "1/2-1/2"]
[ECO "C42"]
[WhiteElo "2645"]
[BlackElo "2564"]
[Annotator "TA"]
[PlyCount "60"]
[EventDate "2024.06.28"]
[EventType "team-tourn"]
[EventCountry "CHN"]
[SourceTitle "playchess.com"]
[Source "ChessBase"]
[SourceQuality "1"]
[TimeControl "40/5400+30:1800+30"]

1. e4 e5 2. Nf3 Nf6 3. Nxe5 d6 4. Nf3 Nxe4 5. Nc3 Nxc3 6. dxc3 Be7 7. Be3 Nc6 8. Qd2 Be6 9. O-O-O Qd7 10. a3 h6 11. Be2 {[%emt 0:02:56] White has an edge.} O-O-O 12. Nd4 Nxd4 13. cxd4 ({Of course not} 13. Qxd4 c5 14. Qd3 (14. Qxg7 $2 {loses.} Rdg8 $19) 14... d5 $11) (13. Bxd4 $14 Qa4 14. c4 (14. Bxg7 $2 {too greedy.} Bg5 $19)) 13... d5 14. h4 h5 15. Bf4 Bd6 16. Rhe1 Bf5 17. Bxd6 Qxd6 18. Bf3 {[%emt 0:00:16] The position is equal.} Bg4 19. Bxg4+ hxg4 20. g3 Rhe8 21. Rxe8 (21. Qg5 {with more complications.} Qh6 22. Kd2 Kd7 23. Qxh6 gxh6 24. c3) 21... Rxe8 $11 {[%emt 0:00:05][%mdl 4096] Endgame. KQR-KQR} 22. Re1 Re6 23. Kd1 Kd7 24. Rxe6 Qxe6 {[%emt 0:00:04] KQ-KQ} 25. Qf4 g6 26. Kd2 f5 27. Qh6 a5 28. Qg7+ Kd6 29. Qf8+ Kd7 30. Qg7+ Kd6 {[%emt 0:00:12] Weighted Error Value: White=0.05 (flawless) /Black=0.03 (flawless) .  Mistake:       	White=1     	---        OK:         	White=10    	Black=9} 1/2-1/2

[Event "Chinese League Division-A 2024"]
[Site "Fuling Chongqing"]
[Date "2024.06.29"]
[Round "4.2"]
[White "Kong, Xiangrui"]
[Black "Xiu, Deshun"]
[Result "1/2-1/2"]
[ECO "C65"]
[WhiteElo "2439"]
[BlackElo "2514"]
[Annotator "TA"]
[PlyCount "37"]
[EventDate "2024.06.28"]
[EventType "team-tourn"]
[EventCountry "CHN"]
[SourceTitle "playchess.com"]
[Source "ChessBase"]
[SourceQuality "1"]
[TimeControl "40/5400+30:1800+30"]

1. e4 e5 2. Nf3 Nc6 3. Bb5 Nf6 4. d3 Bc5 5. Bg5 h6 6. Bh4 Ne7 7. d4 exd4 8. Bxf6 gxf6 9. O-O c6 10. Bc4 Qb6 11. e5 (11. Nbd2 $11) 11... fxe5 12. Bxf7+ {[%emt 0:05:35] The position is equal.} Kxf7 13. Nxe5+ Kg7 {[%emt 0:07:04][%cal Od7d5] [#] And now ...d5! would win.} 14. Qg4+ Kh7 $1 15. Qe4+ Kg7 {[%emt 0:02:19][%cal Od7d5] Threatens to win with ...d5!} 16. Qg4+ Kh7 $1 17. Qe4+ Kg7 18. Qg4+ Kh7 $1 {[%emt 0:00:05] [#] Strongly threatening ...d5.} 19. Qe4+ {[%emt 0:00:10] An uneventful encounter.   Weighted Error Value: White=0.07 (flawless) /Black=0.03 (flawless) .  Mistake:       	White=1     	---        Inaccurate:     	---       	Black=1      OK:         	White=10    	Black=4      Best:        	White=1     	Black=1      Strong:       	---       	Black=3} 1/2-1/2

[Event "Chinese League Division-A 2024"]
[Site "Fuling Chongqing"]
[Date "2024.06.29"]
[Round "4.3"]
[White "Zhang, Di"]
[Black "Ma, Qun"]
[Result "1/2-1/2"]
[ECO "C47"]
[WhiteElo "2362"]
[BlackElo "2643"]
[Annotator "TA"]
[PlyCount "68"]
[EventDate "2024.06.28"]
[EventType "team-tourn"]
[EventCountry "CHN"]
[SourceTitle "playchess.com"]
[Source "ChessBase"]
[SourceQuality "1"]
[TimeControl "40/5400+30:1800+30"]

1. e4 e5 2. Nf3 Nc6 3. Nc3 Nf6 4. d4 exd4 5. Nxd4 Bb4 6. Nxc6 bxc6 7. Bd3 d5 8. exd5 O-O 9. O-O cxd5 10. h3 c6 11. Qf3 Rb8 12. Bf4 Bd6 13. b3 Rb7 14. Rad1 Re7 15. Ne2 Bxf4 16. Qxf4 Rfe8 17. Ng3 Qa5 18. b4 (18. Qd2 {simplifies} Qxd2 19. Rxd2 Be6 20. Re1) 18... Qb6 19. c3 a5 20. a4 h6 21. Qd6 Re6 22. Qf4 R6e7 23. Qd6 Re6 24. Qf4 Re5 25. Rb1 h5 26. Rfd1 Qd8 27. bxa5 Qxa5 {[%emt 0:03:56] The position is equal.} 28. Qb4 Qa7 29. a5 {[%emt 0:01:12] [#]} h4 $1 30. Qxh4 Qxa5 31. c4 Re1+ 32. Kh2 Rxd1 33. Rxd1 Qa4 34. Rb1 {[%emt 0:02:06] Black must now prevent Nh5.} dxc4 {[%emt 0:03:56] Weighted Error Value: White=0.06 (flawless) /Black=0.05 (flawless) .  Inaccurate:     	White=1     	Black=1      OK:         	White=10    	Black=10} 1/2-1/2

[Event "Chinese League Division-A 2024"]
[Site "Fuling Chongqing"]
[Date "2024.06.29"]
[Round "4.4"]
[White "Lu, Miaoyi"]
[Black "Li, Ruofan"]
[Result "1-0"]
[ECO "A37"]
[WhiteElo "2449"]
[BlackElo "2321"]
[Annotator "TA"]
[PlyCount "83"]
[EventDate "2024.06.28"]
[EventType "team-tourn"]
[EventCountry "CHN"]
[SourceTitle "playchess.com"]
[Source "ChessBase"]
[SourceQuality "1"]
[TimeControl "40/5400+30:1800+30"]

1. c4 e5 2. Nc3 c5 3. g3 Nc6 4. Bg2 g6 5. Nf3 d6 6. O-O Bg7 7. Ne1 Nge7 8. Nc2 O-O 9. a3 a5 10. Rb1 Rb8 (10... Be6 $11 {is superior.}) 11. b4 $14 axb4 12. axb4 b6 13. d3 {[%emt 0:06:46] White is slightly better.} Bd7 14. e3 Be6 (14... f5 $14 {is more appropriate.}) 15. b5 $16 Na5 16. e4 $36 {[%emt 0:06:17][%mdl 2048] Keeping Black busy.} f5 17. exf5 gxf5 18. Bg5 {[%emt 0:01:45] White is more active.} h6 {[%emt 0:00:35] [#]} (18... e4 $142) 19. Bxe7 $1 Qxe7 20. Ne3 f4 21. Ned5 Qf7 22. Be4 Kh8 23. f3 h5 24. Rf2 Bh6 25. Kh1 Rg8 26. Ne2 {[%emt 0:00:09] A dynamic duo of knights.} Rg7 27. Ra1 Bxd5 (27... fxg3 $16 28. hxg3 (28. Nxg3 Rf8 $16) 28... Bf5) 28. Bxd5 $18 Qd7 29. Qc2 Rf8 30. Rg2 Rf6 31. Qb2 {[%emt 0:04:08][%cal Oe2f4] aiming for Nxf4!} fxg3 32. hxg3 Be3 33. Rh2 Rh7 (33... h4 $16 34. g4 (34. Rxh4+ $2 Rh7 $19) 34... Qe7) 34. Kg2 Qe8 (34... h4 {was worth a try.} 35. Rah1 (35. Rxh4 $2 {is the wrong capture.} Rxh4 36. gxh4 Rg6+ 37. Ng3 Qg7 $19) (35. gxh4 Rg6+ 36. Kh1 Rgh6 $11) 35... Rfh6) 35. Be4 Rhh6 36. Rah1 Kg7 37. Qa2 Bd4 $2 {[%emt 0:00:38] [#]} (37... Rf8 38. Nc3 Bg5) 38. Qd2 {[%emt 0:00:13] White is clearly winning.} Qh8 {[%emt 0:00:40] Black is weak on the light squares} 39. Qg5+ Kf8 40. Rxh5 Rxh5 41. Rxh5 Qg7 42. Qh4 {[%emt 0:00:01] Weighted Error Value: White=0.14 (very precise) /Black=0.46.  Mistake:       	---       	Black=6      Inaccurate:     	White=2     	Black=4      OK:         	White=14    	Black=8      Best:        	White=1     	---} 1-0

[Event "Chinese League Division-A 2024"]
[Site "Fuling Chongqing"]
[Date "2024.06.29"]
[Round "4.5"]
[White "Wang, Yu A."]
[Black "Yan, Tianqi"]
[Result "1/2-1/2"]
[ECO "C01"]
[WhiteElo "2234"]
[BlackElo "2306"]
[Annotator "RC"]
[PlyCount "76"]
[EventDate "2024.06.28"]
[EventType "team-tourn"]
[EventCountry "CHN"]
[SourceTitle "playchess.com"]
[Source "ChessBase"]
[SourceQuality "1"]
[TimeControl "40/5400+30:1800+30"]

1. e4 e6 2. d4 d5 3. exd5 exd5 4. Nf3 Nf6 5. Bd3 Bd6 6. Qe2+ Be7 7. h3 h6 8. Be3 Nc6 9. Ne5 Nxe5 10. dxe5 Nd7 11. e6 fxe6 12. Bd4 Bf6 13. Qxe6+ Qe7 14. Qxe7+ Kxe7 15. Bxf6+ Kxf6 16. Nc3 c6 17. O-O-O Nc5 18. Rhe1 Be6 19. Re3 Nxd3+ 20. Rdxd3 Bf5 21. Rf3 Kg6 22. Rg3+ Kh7 23. Rde3 Rae8 24. Ne2 c5 25. c3 Re4 26. Kd2 g5 27. Rgf3 Bg6 28. Ng3 Rd8 29. Ke2 Rxe3+ 30. fxe3 h5 31. Rf2 h4 32. Nf5 Re8 33. g4 hxg3 34. Nxg3 d4 35. cxd4 cxd4 36. e4 Bxe4 37. Nxe4 Rxe4+ 38. Kd3 Re7 1/2-1/2

[Event "Chinese League Division-A 2024"]
[Site "Fuling Chongqing"]
[Date "2024.06.29"]
[Round "4.6"]
[White "Chen, Qi b"]
[Black "Zeng, Chongsheng"]
[Result "1/2-1/2"]
[ECO "B33"]
[WhiteElo "2481"]
[BlackElo "2578"]
[Annotator "TA"]
[PlyCount "67"]
[EventDate "2024.06.28"]
[EventType "team-tourn"]
[EventCountry "CHN"]
[SourceTitle "playchess.com"]
[Source "ChessBase"]
[SourceQuality "1"]
[TimeControl "40/5400+30:1800+30"]

1. e4 c5 2. Nf3 Nc6 3. d4 cxd4 4. Nxd4 Nf6 5. Nc3 e5 6. Ndb5 d6 7. Bg5 a6 8. Na3 b5 9. Nd5 Be7 10. Bxf6 Bxf6 11. c4 Nd4 12. cxb5 Bb7 13. Nc3 O-O {[%emt 0:06:55][%cal Bh8f8,Bf8c8,Bc8c1,Bc1f1][%mdl 32] White is better.} 14. bxa6 Rxa6 15. Bxa6 Bxa6 {[%emt 0:01:04] [#]} 16. h4 $1 Qa8 17. Qa4 Rc8 {[%emt 0:03:10][%cal Oc8c3] Hoping for ...Rxc3!} 18. Nd5 Qb7 19. Rd1 {[%emt 0:04:49] Threatens to win with Rh3.} h6 20. b4 {[%emt 0:02:58][%cal Ob4b5] [#] Strongly threatening b5!} Bf1 21. Rxd4 (21. Rxf1 $2 {loses.} Ra8 $19) (21. Kxf1 $5 Ra8 $8 22. Qxa8+ (22. Nxf6+ gxf6 $11) 22... Qxa8 23. Nxf6+ (23. Rh3 Bxh4 24. b5 Qa4 $17) 23... gxf6 24. Rh3 $11) 21... exd4 22. Rxf1 Rc1+ (22... Bxh4 23. Nc2 f5 24. Nxd4 fxe4 25. Qb3 $18) 23. Ke2 d3+ $1 24. Kxd3 {[%emt 0:00:09] Qe8+ would kill now.} Rxf1 25. f3 {[%emt 0:00:38] Dancing on a razor blade.} Bxh4 26. Nc4 {[%emt 0:01:10] A dynamic duo of knights.} f5 {[%emt 0:00:57] The position is equal.} 27. Qe8+ Kh7 28. Qe6 Qa8 29. a4 Qxa4 30. Qxf5+ Kg8 {[%emt 0:00:14] White must now prevent ...Rd1+.} 31. Qc8+ Kh7 32. Qf5+ Kg8 {[%emt 0:00:07] ...Rd1+ is the strong threat.} 33. Qc8+ Kh7 34. Qf5+ {[%emt 0:00:39] Weighted Error Value: White=0.08 (flawless) /Black=0.09 (flawless) .  Inaccurate:     	White=2     	Black=3      OK:         	White=12    	Black=6      Best:        	White=1     	Black=5      Strong:       	---       	Black=1      Brilliant:      	White=1     	---} 1/2-1/2